 Dungeon Crawl Stone Soup version 0.30-a0-25-gacc37e2db0 (webtiles) character file.

Game seed: 13957457982325572032

5 112233 the Sneak (level 1, 0/10 HPs)
             Began as a Felid Delver on Aug 25, 2022.
             Succumbed to a goblin's poison
             ... on level 2 of the Dungeon.
             The game lasted 00:01:48 (925 turns).

112233 the Sneak (Felid Delver)                      Turns: 925, Time: 00:01:48

Health: 0/10       AC:  1    Str:  8    XL:     1   Next: 66%
Magic:  2/2        EV: 17    Int: 11    God:
Gold:   0          SH:  0    Dex: 17    Spells: 0/0 levels left
                                        Lives:  0   Deaths: 0

rFire   . . .      SeeInvis +      - Unarmed
rCold   . . .      Faith    .    (shield unavailable)
rNeg    . . .      Spirit   .    (body armour unavailable)
rPois   .          Reflect  .    (helmet unavailable)
rElec   .          Harm     .    (cloak unavailable)
rCorr   .          Rampage  .    (gloves unavailable)
Will    .....                    (boots unavailable)
Stlth   ++++......               (no amulet)
HPRegen 0.03/turn                (no ring)
MPRegen 0.08/turn                (no ring)

@: lethally poisoned (0 -> -3), hasted, very quick
A: very small, claws 1, fangs 3, see invisible, speed 1, shaggy fur 1, stealthy
paws, no weapons or thrown items, no armour, multi-lived
a: no special abilities


You were on level 2 of the Dungeon.
You visited 2 branches of the dungeon, and saw 6 of its levels.

Inventory:

Wands
 e - a wand of digging (3)
Scrolls
 a - a scroll of fog
 b - a scroll of magic mapping
 c - a scroll of fear


   Skills:
 + Level 3.0 Fighting
 + Level 2.7 Dodging
 + Level 6.9 Stealth
 + Level 2.0 Unarmed Combat


You couldn't memorise any spells.
You didn't know any spells.
Your spell library contained the following spells:

 Spells                   Type           Power      Damage    Failure   Level
 Summon Small Mammal      Summ           0%         N/A       34%         1
 Call Canine Familiar     Summ           0%         N/A       71%         3
 Summon Guardian Golem    Hex/Summ       0%         N/A       71%         3


Dungeon Overview and Level Annotations

Branches:
Dungeon (6/15)             Temple (1/1) D:5

Altars:
Cheibriados
Fedhas
Kikubaaqudgha
Ru
Trog
Vehumet
Wu Jian

Annotations:
D:3 exclusion: downstairs
D:4 exclusion: downstairs


Innate Abilities, Weirdness & Mutations

You have sharp claws.
You have razor-sharp teeth.
You have supernaturally acute eyesight. (SInv)
You cover ground quickly. (Speed+)
You are covered in fur. (AC +1)
Your paws help you pounce on unaware monsters.
You are incapable of wielding weapons or throwing items.
You cannot wear armour.
You gain extra lives every three experience levels.


Message History

The giant cockroach misses you.
You scratch the giant cockroach but do no damage.
The giant cockroach is heavily wounded.
The giant cockroach misses you.
You scratch the giant cockroach. Your bite misses the giant cockroach.
The giant cockroach is almost dead.
The giant cockroach bites you but does no damage.
A kobold comes into view. It is wielding a +0 dagger.
The giant cockroach misses you.
You closely miss the giant cockroach.
The giant cockroach is almost dead.
The giant cockroach completely misses you.
The kobold shouts!
You scratch the giant cockroach but do no damage.
The giant cockroach is almost dead.
The giant cockroach misses you.
You scratch the giant cockroach.
You kill the giant cockroach!
The kobold throws a stone.
The stone hits you.
A giant cockroach comes into view.
The goblin barely misses you.
You barely miss the goblin. You bite the goblin.
The goblin is severely wounded.
The goblin hits you but does no damage.
You are lethally poisoned!
You scratch the goblin.
You kill the goblin!
You feel very sick.
You feel sick.
You feel sick.
* * * LOW HITPOINT WARNING * * *
You feel sick.
Found 14 gold pieces.
* * * LOW HITPOINT WARNING * * *
You feel sick.
You feel yourself speed up.
* * * LOW HITPOINT WARNING * * *
You feel sick.
Unknown command.
You die...

#..#.#.#.#.# .....
#........#.#......
.#..#.#.###.#...[..
...........†...K#
.....#...#.#K#......
##......#.#.# #####
.......K..#.#
#.#####..###.########.#
#. #..#...K.@......#
#..#.#.####....$#
#..#.#.# ##.## #..# B..
...###.# #.# ..# ##


You could see a kobold.

Vanquished Creatures
  A giant cockroach (D:2)
  A goblin (D:2)
  A kobold (D:3)
  A frilled lizard (D:3)
  A rat (D:3)
5 creatures vanquished.

Notes
Turn   | Place    | Note
-------+----------+-------------------------------------------
     0 | D:5      | 112233 the Felid Delver began the quest for the Orb.
     0 | D:5      | Reached XP level 1. HP: 10/10 MP: 2/2
    20 | D:5      | Noticed an ice beast
    33 | D:6      | Noticed a hound
    33 | D:6      | Noticed an orc wizard
    33 | D:6      | Noticed an orc priest
    43 | D:5      | Found a staircase to the Ecumenical Temple.
    44 | D:5      | Noticed a water moccasin
    46 | D:5      | Noticed a jelly
    50 | Temple   | Entered the Ecumenical Temple
   323 | D:5      | Noticed a hound
   479 | D:4      | Noticed a scorpion
   925 | D:2      | Succumbed to a goblin's poison

Illustrated notes

Levels and vault maps discovered:
D:2:      layout_basic
D:3:      layout_loops_corners, okawaru_altar_gauntlet_db, grunt_ministairs_8
D:4:      layout_basic, mainiacjoe_overflow_alcove_1,
          nicolae_sif_muna_little_library, serial_shops,
          nicolae_inconvenience_store, gup_sewer_entry_bubbles,
          serial_park_tiny_pond, uniq_blork_the_orc
D:5:      layout_loops_ring, general_overflow_altar,
          mainiacjoe_overflow_alcove_4, minmay_temple_entry_sparse_star
D:6:      layout_cave_pools, mainiacjoe_overflow_alcove_2, tso_altar
Temple:   nicolae_temple_bog_church

Action                   || total
-------------------------++-------
Melee: Unarmed           ||    15
       Bite              ||     1
  Use: Potion            ||     1
 Stab: Sleeping          ||     2
       Distracted        ||     1
Armor: Skin              ||     3
Dodge: Dodged            ||    10

Table legend: (Time is in decaauts)
 A = Elapsed time spent in this place.
 B = Non-inter-level travel time spent in this place.
 C = Inter-level travel time spent in this place.
 D = Time resting spent in this place.
 E = Time spent auto-exploring this place.
 F = Levels seen in this place.
 G = Mean time per level.
                   A        B        C        D        E       F      G
               +--------+--------+--------+--------+--------+-----+--------+
         Total |    830 |    752 |     78 |    388 |    187 |   6 |  138.3 |
       Dungeon |    617 |    597 |     20 |    388 |     39 |   5 |  123.4 |
        Temple |    213 |    155 |     58 |      0 |    148 |   1 |  213.0 |
               +--------+--------+--------+--------+--------+-----+--------+

Top non-repeatable levels by time:
     D:3: 373 daAuts
  Temple: 213 daAuts
     D:4: 164 daAuts
     D:5: 55 daAuts
     D:2: 23 daAuts
     D:6: 1 daAuts
